 Dungeon Crawl Stone Soup version 0.23-a0-642-g3120c2f5a9 (webtiles) character file.

67 HereIgoKillingAgain the Ruffian (level 4, 0/57 HPs)
             Began as a Naga Transmuter on Dec 31, 2018.
             Succumbed to a worker ant's poison
             ... on level 3 of the Dungeon.
             The game lasted 00:02:00 (1779 turns).

HereIgoKillingAgain the Ruffian (Naga Transmuter)   Turns: 1779, Time: 00:02:01

Health: 0/57       AC: 22    Str: 11 (13) XL:     4   Next: 16%
Magic:  3/7        EV:  1    Int: 18 (19) God:
Gold:   84         SH:  0    Dex: 13 (16) Spells: 4/7 levels left

rFire    + . .     SeeInvis +     - Unarmed
rCold    . . .     Gourm    .   (no shield)
rNeg     + + +     Faith    .   (armour currently unavailable)
rPois    +         Spirit   .   (helmet currently unavailable)
rElec    .         Reflect  .   (cloak currently unavailable)
rCorr    .         Harm     .   (gloves currently unavailable)
MR       .....     NoTele   +   (no barding)
Stlth    ++........             (no amulet)
HPRegen  0.19/turn              c - ring of protection from fire
MPRegen  0.10/turn              (no ring)

@: brilliant, agile, lethally poisoned (0 -> -2), tree-form
A: large, see invisible, slow metabolism 1, spit poison 1, AC +1
a: Spit Poison


You were on level 3 of the Dungeon.
You were very hungry.
You were a tree.
You visited 1 branch of the dungeon, and saw 3 of its levels.

You collected 84 gold pieces.

Inventory:

Missiles
 a - 20 arrows
Armour
 b - a +0 robe (melded)
Jewellery
 c - a ring of protection from fire (left branch)
Scrolls
 h - 3 scrolls of teleportation {unknown}
 j - a scroll of remove curse
 k - a scroll of identify {unknown}
Potions
 e - a potion of brilliance
 f - a potion of agility
 i - a potion of degeneration
Comestibles
 d - 6 rations


   Skills:
 - Level 1.0 Fighting
 - Level 1.5 Dodging
 + Level 4.0 Unarmed Combat
 - Level 2.0 Spellcasting
 + Level 3.3 Transmutations


You had 4 spell levels left.
You knew the following spells:

 Your Spells              Type           Power        Failure   Level  Hunger
a - Beastly Appendage     Tmut           ###...       1%          1    #......
b - Sticks to Snakes      Tmut           ###.....     1%          2    ###....

Your spell library contained the following spells:

 Spells                   Type           Power        Failure   Level  Hunger
 Spider Form              Tmut/Pois      ###.......   3%          3    ###....
 Ice Form                 Ice/Tmut       ###.....     11%         4    #####..
 Blade Hands              Tmut           ###.......   14%         5    ######.


Dungeon Overview and Level Annotations

Branches:
Dungeon (2/15)

Altars:
Okawaru


Innate Abilities, Weirdness & Mutations

You cannot wear boots.
((Your serpentine skin is tough. (AC +1)))
You have supernaturally acute eyesight. (SInv)
((Armour fits poorly on your strangely shaped body.))
((Your system is resistant to poisons. (rPois)))
((You cover ground very slowly.))
You have a slow metabolism.
You can spit poison.


Message History

The worker ant bites you but does no damage.
The worker ant bites you.
* * * LOW HITPOINT WARNING * * *
Unknown command.
You hit the worker ant.
The worker ant is almost dead.
* * * LOW HITPOINT WARNING * * *
You feel sick.
Your ball python bites the worker ant but does no damage.
Your ball python grabs the worker ant.
Your ball python constricts the worker ant.
The worker ant dies!
You feel your intelligence returning.
Your Unarmed Combat skill increases to level 4!
You have reached level 4!
You feel clever.
Your ball python looks stronger.
Okay, then.
There is a lethal amount of poison in your body!
You die...

#.......#
##.....##
..÷....##
........#
###
#.......#
..#
#########
#.## #..#
#†.# #♣S#
#..# #..#
#.## #.#
#>##
#..######
#.......#
#.......#


You could see a friendly ball python.

Vanquished Creatures
  A leopard gecko (D:3)
  An orc (D:3)
  A giant cockroach (D:1)
  2 goblins (D:1)
  2 hobgoblins
  4 bats
  A frilled lizard (D:3)
  3 kobolds (D:1)
  9 rats
24 creatures vanquished.

Vanquished Creatures (collateral kills)
  A worker ant (D:3)
  An adder (D:3)
  A dart slug (D:3)
  A leopard gecko (D:2)
  A bat (D:3)
  2 goblins (D:3)
  2 hobgoblins (D:1)
  A kobold (D:1)
  A frilled lizard (D:1)
  2 rats
13 creatures vanquished.

Grand Total: 37 creatures vanquished

Notes
Turn   | Place    | Note
-------+----------+-------------------------------------------
     0 | D:1      | HereIgoKillingAgain the Naga Transmuter began the quest for
                  | the Orb.
     0 | D:1      | Reached XP level 1. HP: 18/18 MP: 3/3
   440 | D:1      | Reached XP level 2. HP: 24/25 MP: 5/5
   446 | D:1      | Learned a level 2 spell: Sticks to Snakes
  1127 | D:2      | Reached XP level 3. HP: 22/31 MP: 1/6
  1175 | D:2      | You fall through a shaft!
  1575 | D:3      | Found an iron altar of Okawaru.
  1776 | D:3      | HP: 1/46 [worker ant (4)]
  1777 | D:3      | Reached skill level 4 in Unarmed Combat
  1777 | D:3      | Reached XP level 4. HP: 1/38 MP: 3/7
  1779 | D:3      | Succumbed to a worker ant's poison

Vault maps used:
D:1:      mrwooster_arrival_statue, minivault_4, minivault_27,
          grunt_decor_one_mirror
D:2:      chequers_serial_rivers_micro_e, nicolae_tso_carved_into_rock
D:3:      minmay_door_path, kennysheep_okawaru_gauntlet, uniq_grinder

Skill      XL: |  1  2  3 |
---------------+----------+-----
Transmutations | 3 |  3.3
Unarmed Combat | 4 |  4.0
Fighting       | |  1.0
Dodging        | |  1.5
Spellcasting   | |  2.0

Action                   |  1- 3 |  4- 6 || total
-------------------------+-------+-------++-------
Melee: Unarmed           |    82 |       ||    82
       Headbutt          |     1 |       ||     1
       Punch             |     1 |       ||     1
 Cast: Beastly Appendage |     2 |       ||     2
       Sticks to Snakes  |    13 |       ||    13
 Abil: Spit Poison       |     7 |       ||     7
  Use: Scroll            |     5 |       ||     5
       Potion            |     4 |       ||     4
  Eat: Chunk             |     2 |       ||     2
Armor: Robe              |    35 |       ||    35
       Skin              |     4 |       ||     4
Dodge: Dodged            |    56 |       ||    56

Table legend:
 A = Non-vault XP
 B = Vault XP
 C = Vault XP percentage of total XP
 D = Non-vault monster count
 E = Vault monster count
 F = Vault count percentage of total count
                 A         B        C        D         E       F
            +---------+---------+-------+---------+---------+-------
      Total |      94 |       2 |   2.1 |      35 |       2 |   5.4
            +---------+---------+-------+---------+---------+-------
        D:1 |      32 |       0 |   0.0 |      23 |       0 |   0.0
        D:2 |       3 |       0 |   0.0 |       2 |       0 |   0.0
        D:3 |      59 |       2 |   3.3 |      10 |       2 |  16.7
            +---------+---------+-------+---------+---------+-------
